[ AOE2 MATCH · #505558787 ]
UnrankedSlavs vs Burmese
Player's team · WIN
Rival team · LOSS
[ REPLAY ANALYSIS · EXTRACTED FROM THE RECORDED GAME ]
Feudal
8:54
Castle
19:55
Imperial
—
| APM avg | 68.9 |
| APM peak | 97 |
| eAPM avg | 38.4 |
| Villagers / military | 84 / 91 |
Focus
⚔️ 51.4% · 🌾 48.6%
Knight ×73 · Skirmisher ×10 · Monk ×5 · Scout Cavalry ×3
Feudal
9:28
Castle
19:12
Imperial
—
| APM avg | 78.7 |
| APM peak | 121 |
| eAPM avg | 40.0 |
| Villagers / military | 151 / 102 |
Focus
⚔️ 57.3% · 🌾 42.7%
Spearman ×40 · Scout Cavalry ×23 · Knight ×18 · Monk ×15 · Militia ×6
Match map
Initial resources + every placement click. Lines = walls · curves = elevation contours. ◆ gold · ⬟ stone · ● berries · ✦ relic · ◌ wall gap
Your base· Open — 5t gap
Mr Greed's base· Open — 4t gap
Smoothed initial terrain · ◌ = detected wall gap · hover for details
Inputs per minute
— FYI Inc - - Mr Greed
Build order — FYI Inc
First 150 of 273 actions detected
| 0:00 | Queue | Villager (Male) |
| 0:02 | Build | House |
| 0:02 | Queue | Villager (Male) |
| 0:04 | Build | House |
| 0:21 | Queue | Villager (Male) |
| 0:21 | Queue | Villager (Male) |
| 1:28 | Queue | Villager (Male) |
| 1:51 | Build | Lumber Camp |
| 2:01 | Queue | Villager (Male) |
| 2:21 | Queue | Villager (Male) |
| 2:49 | Queue | Villager (Male) |
| 3:10 | Build | House |
| 3:10 | Build | House |
| 3:15 | Queue | Villager (Male) |
| 3:15 | Queue | Villager (Male) |
| 3:34 | Queue | Villager (Male) |
| 3:35 | Queue | Villager (Male) |
| 3:56 | Queue | Villager (Male) |
| 4:20 | Queue | Villager (Male) |
| 4:27 | Queue | Villager (Male) |
| 4:52 | Build | Mill |
| 4:57 | Queue | Villager (Male) |
| 4:57 | Queue | Villager (Male) |
| 6:13 | Research | Loom |
| 6:44 | Research | Feudal Age |
| 7:07 | Build | Palisade Wall |
| 7:09 | Build | Palisade Wall |
| 7:46 | Build | Barracks |
| 8:03 | Build | Palisade Wall |
| 8:06 | Build | Palisade Wall |
| 8:18 | Build | Palisade Wall |
| 8:20 | Build | Palisade Wall |
| 8:24 | Build | Palisade Wall |
| 8:54 | Age | Feudal Age |
| 8:55 | Queue | Villager (Male) |
| 9:08 | Queue | Villager (Male) |
| 9:27 | Build | Archery Range |
| 9:36 | Queue | Villager (Male) |
| 9:58 | Build | Mill |
| 9:59 | Queue | Villager (Male) |
| 10:01 | Build | House |
| 10:14 | Queue | Villager (Male) |
| 10:19 | Build | Farm |
| 10:21 | Queue | Skirmisher |
| 10:32 | Queue | Villager (Male) |
| 10:40 | Build | House |
| 10:57 | Queue | Skirmisher |
| 10:57 | Queue | Skirmisher |
| 10:58 | Queue | Villager (Male) |
| 10:58 | Queue | Villager (Male) |
| 11:05 | Build | Farm |
| 11:27 | Build | Farm |
| 11:39 | Research | Double-Bit Axe |
| 11:39 | Research | Double-Bit Axe |
| 11:41 | Queue | Skirmisher |
| 11:49 | Build | Farm |
| 11:59 | Build | House |
| 11:59 | Queue | Villager (Male) |
| 12:04 | Queue | Skirmisher |
| 12:18 | Queue | Villager (Male) |
| 12:23 | Build | Farm |
| 12:30 | Build | House |
| 12:36 | Build | House |
| 12:38 | Build | House |
| 12:40 | Queue | Skirmisher |
| 12:42 | Queue | Villager (Male) |
| 12:50 | Build | Farm |
| 13:09 | Queue | Skirmisher |
| 13:17 | Build | Farm |
| 13:18 | Queue | Villager (Male) |
| 13:37 | Build | Farm |
| 13:40 | Build | Farm |
| 13:47 | Queue | Villager (Male) |
| 13:56 | Build | Farm |
| 13:59 | Queue | Skirmisher |
| 14:09 | Queue | Villager (Male) |
| 14:11 | Build | House |
| 14:24 | Build | Palisade Wall |
| 14:39 | Build | Mining Camp |
| 14:39 | Queue | Villager (Male) |
| 14:56 | Queue | Villager (Male) |
| 15:02 | Build | Palisade Wall |
| 15:07 | Build | Blacksmith |
| 15:16 | Research | Wheelbarrow |
| 15:19 | Build | Farm |
| 15:34 | Build | Lumber Camp |
| 15:46 | Build | House |
| 16:01 | Build | Farm |
| 16:33 | Build | Farm |
| 16:33 | Queue | Villager (Male) |
| 16:35 | Build | Farm |
| 16:47 | Build | Farm |
| 17:14 | Research | Castle Age |
| 17:24 | Queue | Skirmisher |
| 17:24 | Queue | Skirmisher |
| 17:56 | Build | Stable |
| 17:58 | Build | Stable |
| 17:59 | Research | Scale Barding Armor |
| 18:02 | Research | Horse Collar |
| 18:37 | Build | Farm |
| 18:40 | Build | Farm |
| 19:13 | Build | Market |
| 19:32 | Build | Farm |
| 19:55 | Age | Castle Age |
| 19:58 | Queue | Knight |
| 19:58 | Queue | Knight |
| 20:02 | Research | Forging |
| 20:02 | Research | Bow Saw |
| 20:03 | Queue | Villager (Male) |
| 20:13 | Queue | Villager (Male) |
| 20:34 | Build | Monastery |
| 20:35 | Queue | Knight |
| 20:35 | Queue | Villager (Male) |
| 20:36 | Queue | Villager (Male) |
| 20:40 | Queue | Knight |
| 20:41 | Build | Palisade Gate |
| 20:43 | Build | Palisade Wall |
| 20:47 | Build | Palisade Wall |
| 20:56 | Build | House |
| 20:56 | Queue | Villager (Male) |
| 21:03 | Queue | Villager (Male) |
| 21:28 | Queue | Monk |
| 21:46 | Queue | Knight |
| 21:46 | Queue | Knight |
| 22:14 | Queue | Monk |
| 22:16 | Queue | Villager (Male) |
| 22:29 | Research | Husbandry |
| 22:33 | Build | Farm |
| 22:33 | Queue | Villager (Male) |
| 22:34 | Build | Farm |
| 22:36 | Queue | Villager (Male) |
| 22:37 | Build | Lumber Camp |
| 22:51 | Queue | Villager (Male) |
| 22:59 | Build | Town Center |
| 23:04 | Queue | Knight |
| 23:21 | Build | Farm |
| 23:23 | Queue | Knight |
| 23:35 | Queue | Villager (Male) |
| 23:37 | Build | Farm |
| 23:46 | Research | Bloodlines |
| 23:54 | Queue | Villager (Male) |
| 24:10 | Queue | Villager (Male) |
| 24:11 | Queue | Villager (Male) |
| 24:24 | Queue | Villager (Male) |
| 24:42 | Queue | Villager (Male) |
| 24:42 | Queue | Villager (Male) |
| 25:00 | Queue | Villager (Male) |
| 25:03 | Build | Farm |
| 25:04 | Build | Farm |
| 25:06 | Build | Stable |
Build order — Mr Greed
First 150 of 379 actions detected
| 0:00 | Queue | Villager (Male) |
| 0:00 | Queue | Villager (Male) |
| 0:01 | Queue | Villager (Male) |
| 0:01 | Queue | Villager (Male) |
| 0:02 | Build | House |
| 0:04 | Build | House |
| 1:25 | Queue | Villager (Male) |
| 1:25 | Queue | Villager (Male) |
| 1:25 | Queue | Villager (Male) |
| 1:53 | Build | Lumber Camp |
| 2:02 | Queue | Villager (Male) |
| 2:02 | Queue | Villager (Male) |
| 2:05 | Queue | Villager (Male) |
| 2:05 | Queue | Villager (Male) |
| 2:50 | Queue | Villager (Male) |
| 2:50 | Queue | Villager (Male) |
| 3:16 | Queue | Villager (Male) |
| 3:16 | Queue | Villager (Male) |
| 3:38 | Queue | Villager (Male) |
| 3:38 | Queue | Villager (Male) |
| 3:48 | Build | House |
| 4:00 | Queue | Villager (Male) |
| 4:26 | Queue | Villager (Male) |
| 4:54 | Queue | Villager (Male) |
| 4:54 | Queue | Villager (Male) |
| 4:54 | Queue | Villager (Male) |
| 5:18 | Queue | Villager (Male) |
| 5:34 | Build | Barracks |
| 5:39 | Queue | Villager (Male) |
| 6:15 | Queue | Villager (Male) |
| 6:17 | Research | Loom |
| 6:51 | Build | Mining Camp |
| 7:07 | Build | House |
| 7:18 | Research | Feudal Age |
| 7:18 | Research | Feudal Age |
| 7:35 | Queue | Militia |
| 7:35 | Queue | Militia |
| 8:00 | Queue | Militia |
| 8:01 | Queue | Militia |
| 8:01 | Queue | Militia |
| 8:06 | Build | House |
| 8:58 | Build | Mill |
| 9:16 | Build | Palisade Wall |
| 9:17 | Build | House |
| 9:23 | Queue | Villager (Male) |
| 9:27 | Build | Farm |
| 9:28 | Age | Feudal Age |
| 9:30 | Research | Man-at-Arms (upgrade) |
| 9:30 | Research | Man-at-Arms (upgrade) |
| 9:55 | Build | Farm |
| 9:58 | Queue | Villager (Male) |
| 9:58 | Queue | Villager (Male) |
| 10:34 | Queue | Villager (Male) |
| 10:34 | Queue | Villager (Male) |
| 10:36 | Build | Farm |
| 10:38 | Build | Farm |
| 10:51 | Queue | Villager (Male) |
| 10:56 | Build | Farm |
| 11:02 | Build | Farm |
| 11:12 | Queue | Villager (Male) |
| 11:16 | Build | House |
| 11:18 | Build | Palisade Wall |
| 11:24 | Queue | Spearman |
| 11:34 | Build | Farm |
| 11:55 | Build | Farm |
| 11:56 | Queue | Villager (Male) |
| 12:08 | Queue | Villager (Male) |
| 12:22 | Build | Farm |
| 12:42 | Queue | Villager (Male) |
| 12:48 | Build | Farm |
| 12:49 | Build | Farm |
| 12:52 | Build | House |
| 12:54 | Build | Palisade Wall |
| 12:59 | Queue | Villager (Male) |
| 13:16 | Queue | Villager (Male) |
| 13:44 | Build | Farm |
| 14:01 | Queue | Villager (Male) |
| 14:05 | Build | Farm |
| 14:09 | Build | Farm |
| 14:17 | Queue | Villager (Male) |
| 14:40 | Build | House |
| 14:40 | Queue | Villager (Male) |
| 14:58 | Build | Stable |
| 15:10 | Build | House |
| 15:17 | Queue | Villager (Male) |
| 15:18 | Queue | Villager (Male) |
| 15:52 | Build | Blacksmith |
| 15:55 | Queue | Villager (Male) |
| 16:01 | Build | House |
| 16:19 | Research | Horse Collar |
| 16:19 | Research | Horse Collar |
| 16:26 | Research | Castle Age |
| 16:26 | Research | Castle Age |
| 16:36 | Queue | Scout Cavalry |
| 17:00 | Build | Stable |
| 17:02 | Queue | Scout Cavalry |
| 17:12 | Build | House |
| 17:17 | Queue | Scout Cavalry |
| 17:28 | Build | Farm |
| 17:36 | Research | Scale Barding Armor |
| 17:37 | Research | Scale Barding Armor |
| 17:56 | Build | Farm |
| 17:57 | Build | Farm |
| 18:03 | Queue | Scout Cavalry |
| 18:03 | Queue | Scout Cavalry |
| 18:33 | Queue | Scout Cavalry |
| 18:39 | Queue | Scout Cavalry |
| 19:01 | Research | Bloodlines |
| 19:01 | Research | Bloodlines |
| 19:12 | Age | Castle Age |
| 19:20 | Queue | Villager (Male) |
| 19:40 | Build | Town Center |
| 19:47 | Research | Light Cavalry (upgrade) |
| 19:47 | Research | Light Cavalry (upgrade) |
| 19:50 | Build | Farm |
| 19:51 | Build | Farm |
| 20:11 | Queue | Villager (Male) |
| 20:14 | Build | Farm |
| 20:39 | Queue | Villager (Male) |
| 20:45 | Queue | Villager (Male) |
| 20:48 | Queue | Villager (Male) |
| 20:59 | Queue | Villager (Male) |
| 21:00 | Queue | Villager (Male) |
| 21:10 | Queue | Knight |
| 21:29 | Queue | Scout Cavalry |
| 21:30 | Queue | Villager (Male) |
| 21:30 | Queue | Villager (Male) |
| 21:32 | Build | Farm |
| 21:33 | Build | Farm |
| 21:43 | Queue | Knight |
| 21:59 | Queue | Villager (Male) |
| 22:00 | Queue | Knight |
| 22:14 | Build | Monastery |
| 22:17 | Queue | Villager (Male) |
| 22:18 | Queue | Knight |
| 22:24 | Build | Farm |
| 22:32 | Queue | Villager (Male) |
| 22:35 | Build | Farm |
| 22:46 | Queue | Villager (Male) |
| 22:48 | Queue | Knight |
| 22:54 | Queue | Villager (Male) |
| 22:56 | Build | Farm |
| 22:57 | Build | Farm |
| 22:59 | Queue | Monk |
| 22:59 | Queue | Monk |
| 23:07 | Queue | Villager (Male) |
| 23:08 | Queue | Villager (Male) |
| 23:19 | Queue | Knight |
| 23:22 | Build | House |
| 23:23 | Queue | Villager (Male) |
Match timeline
| 5:34 | Mr Greed · first_building Barracks |
| 7:07 | FYI Inc · wall_segment Palisade Wall x3 |
| 7:09 | FYI Inc · wall_segment Palisade Wall x9 |
| 7:46 | FYI Inc · first_building Barracks |
| 8:03 | FYI Inc · wall_segment Palisade Wall x3 |
| 8:06 | FYI Inc · wall_segment Palisade Wall x1 |
| 8:18 | FYI Inc · wall_segment Palisade Wall x3 |
| 8:20 | FYI Inc · wall_segment Palisade Wall x6 |
| 8:24 | FYI Inc · wall_segment Palisade Wall x8 |
| 8:54 | FYI Inc · age_up feudal |
| 9:16 | Mr Greed · wall_segment Palisade Wall x1 |
| 9:27 | FYI Inc · first_building Archery Range |
| 9:28 | Mr Greed · age_up feudal |
| 11:18 | Mr Greed · wall_segment Palisade Wall x5 |
| 12:54 | Mr Greed · wall_segment Palisade Wall x8 |
| 14:24 | FYI Inc · wall_segment Palisade Wall x1 |
| 14:58 | Mr Greed · first_building Stable |
| 15:02 | FYI Inc · wall_segment Palisade Wall x1 |
| 17:56 | FYI Inc · first_building Stable |
| 19:12 | Mr Greed · age_up castle |
| 19:49 | FYI Inc · first_market_sell 100 wood |
| 19:55 | FYI Inc · age_up castle |
| 20:34 | FYI Inc · first_building Monastery |
| 20:43 | FYI Inc · wall_segment Palisade Wall x1 |
| 20:47 | FYI Inc · wall_segment Palisade Wall x1 |
| 22:14 | Mr Greed · first_building Monastery |
| 22:28 | FYI Inc · first_market_buy 100 food |
| 23:50 | Mr Greed · wall_segment Palisade Wall x1 |
| 29:13 | Mr Greed · first_market_sell 100 wood |
| 30:18 | Mr Greed · wall_segment Palisade Wall x1 |
| 30:19 | Mr Greed · wall_segment Palisade Wall x1 |
| 31:02 | Mr Greed · first_market_buy 100 food |
| 36:25 | FYI Inc · first_building Castle |
| 37:28 | Mr Greed · resign |
[ AI ANALYSIS · 1 CREDIT ]
What really happened in this match?
Wolo.gg analyzes every decision: build order, eco, micro, common mistakes by bracket. Personalized analysis on WhatsApp or Discord in 30 seconds.
Civ guide
Slavs
Perfil
Jugador #221997